 Dungeon Crawl Stone Soup version 0.28.0-47-ge53b351184 (webtiles) character file.

Game seed: 8345043160299877456

86599 urbino23 the Bludgeoner (level 15, -1/207 HPs)
             Began as a Minotaur Berserker on May 10, 2022.
             Was a High Priest of Trog.
             Slain by a redback (3 damage)
             ... on level 1 of the Spider Nest.
             The game lasted 01:57:53 (30024 turns).

urbino23 the Bludgeoner (Minotaur Berserker)       Turns: 30024, Time: 01:57:53

Health: -1/207     AC: 38    Str: 24    XL:     15   Next: 41%
Magic:  14/14      EV:  2    Int:  4    God:    Trog [*****.]
Gold:   1725       SH:  0    Dex: 15    Spells: 14/14 levels left

rFire   . . .      SeeInvis .   a - +1 dire flail (protect)
rCold   . . .      Faith    .   (shield currently unavailable)
rNeg    . . .      Spirit   .   (armour currently unavailable)
rPois   +          Reflect  .   (helmet currently unavailable)
rElec   .          Harm     .   (cloak currently unavailable)
rCorr   .          Rampage  .   (gloves currently unavailable)
Will    +++..      NoTele   +   (boots currently unavailable)
Stlth   +.........              (no amulet)
HPRegen 1.44/turn               x - +4 ring of protection
MPRegen 0.14/turn               A - +4 ring of evasion

@: mighty, tree-form (expiring), strong-willed, under a protective aura,
regenerating
A: stationary, stasis, torment immunity, boosted hp, (horns 2), (retaliatory
headbutt)
a: Renounce Religion, Berserk, Trog's Hand, Brothers in Arms


You were on level 1 of the Spider Nest.
You worshipped Trog.
Trog was extremely pleased with you.
You were a tree.
You visited 4 branches of the dungeon, and saw 19 of its levels.
You also visited: Sewer and Ice Cave.

You collected 1725 gold pieces.

Inventory:

Hand Weapons
 a - a +1 dire flail of protection (weapon)
 b - a +4 fustibalus of freezing
 l - a +0 dire flail
 B - a +2 antimagic morningstar
Missiles
 p - 7 curare-tipped darts (quivered)
 r - 17 boomerangs
 F - 27 poisoned darts
 H - 3 atropa-tipped darts
 O - 126 sling bullets
Armour
 c - a +0 buckler
 e - a +1 plate armour of cold resistance
 f - a +2 pair of boots of rampaging (melded)
 h - a +0 pair of gloves (melded)
 m - a +1 chain mail of poison resistance (melded)
 D - a +0 cloak (melded)
Jewellery
 x - a +4 ring of protection (left branch)
 y - a ring of protection from cold
 A - a +4 ring of evasion (right branch)
 J - a ring of resist corrosion
Wands
 d - a wand of polymorph (7)
 i - a wand of acid (1)
 o - a wand of mindburst (5)
 z - a wand of flame (22)
 E - a wand of iceblast (13)
 M - a wand of digging (12)
 Q - a wand of paralysis (5)
Scrolls
 g - a scroll of magic mapping
 j - 3 scrolls of teleportation
 q - 6 scrolls of identify
 u - a scroll of immolation {unknown}
 v - 10 scrolls of blinking
 G - 3 scrolls of enchant weapon
 K - a scroll of holy word
 L - a scroll of fear
Potions
 n - 3 potions of mutation
 s - a potion of might
 t - 4 potions of flight
 w - a potion of ambrosia
 C - 2 potions of haste
 S - 5 potions of attraction


   Skills:
 - Level 14.0 Fighting
 + Level 15.7 Maces & Flails
 - Level 10.0 Slings
 - Level 14.0 Armour
 - Level 14.0 Dodging
 + Level 10.5 Evocations


You had 14 spell levels left.
You didn't know any spells.
Your spell library was empty.

Dungeon Overview and Level Annotations

Branches:
Dungeon (10/15)            Temple (0/1) D:5            Lair (6/6) D:10
 Shoals (0/4) Lair:2       Spider (1/4) Lair:2        Slime (0/5) Lair:5
    Orc (2/2) D:9             Elf (0/3) Orc:2         Sewer (visited)
  IceCv (visited)

Altars:
Cheibriados
Elyvilon
Fedhas
Gozag
Makhleb
Nemelex Xobeh
Okawaru
Qazlal
Sif Muna
Uskayaw
Jiyva

Shops:
Orc:2 :*[(

Portals:
Hell: Lair:6

Annotations:
Lair:4 3 runed translucent doors, Holdthepickle's ghost, journeyman GnWn


Innate Abilities, Weirdness & Mutations

You are a tree.
Your roots penetrate the ground, keeping you stationary.
You cannot be teleported.
You are immune to unholy pain and torment.
Your maximum health is greatly increased.
Your equipment is partially melded.
((You have a pair of horns on your head.))
((You reflexively headbutt those who attack you in melee.))


Message History

* * * LOW HITPOINT WARNING * * *
The culicivora bites you but does no damage.
You feel very mighty all of a sudden.
The jumping spider pounces on you but does no damage.
The jumping spider bites you but does no damage.
The wolf spider hits you but does no damage.
The wolf spider completely misses you.
The culicivora bites you but does no damage.
The jumping spider pounces on you but does no damage.
The jumping spider barely misses you.
The wolf spider hits you but does no damage.
The wolf spider bites you but does no damage.
You closely miss the culicivora.
The culicivora is moderately wounded.
The culicivora bites you.
* * * LOW HITPOINT WARNING * * *
The culicivora draws strength from your injuries!
The jumping spider leaps!
You hit the culicivora.
The culicivora is moderately wounded.
The culicivora bites you.
* * * LOW HITPOINT WARNING * * *
The culicivora draws strength from your injuries!
The wolf spider hits you but does no damage.
The wolf spider bites you but does no damage.
You puncture the wolf spider!
The wolf spider is almost dead.
The wolf spider is healed somewhat.
You hit the wolf spider.
The wolf spider is severely wounded.
The redback bites you but does no damage.
The wolf spider hits you!
* * * LOW HITPOINT WARNING * * *
The wolf spider bites you.
* * * LOW HITPOINT WARNING * * *
The culicivora bites you but does no damage.
You closely miss the wolf spider.
The wolf spider is severely wounded.
The jumping spider leaps!
The redback bites you.
You die...

### #.# #.# #####.# ###
##^#..#### #
###.###...○#.#s#
###....#..#.#..s♣# #######
...#....#.[.#..s#####≈....≈≈
....#..#...#.......y.#≈...(≈
...#†..........s.#....#
...#^....#..#...#..s#s≈#
.^...#..#....#.#......(..≈
.................#.#.≈≈≈≈.[.
..#.#......#........#.s(.≈(s
#).^#....##....###....≈#≈(≈≈


You could see a wolf spider, a culicivora, a jumping spider and a redback.

Vanquished Creatures
  Kirke (Lair:5)
  A reaper (IceCv)
  7 hydras
  A death knight (D:9)
  4 catoblepae
  3 boulder beetles
  3 two-headed ogres
  19 death yaks
  3 orc high priests (Orc:2)
  2 pharaoh ants (Spider:1)
  2 steelbarb worms (Spider:1)
  Pikel (D:4)
  A wizard (Lair:6)
  3 orc knights (Orc:2)
  5 orc sorcerers (Orc:2)
  3 wolf spiders (Spider:1)
  Joseph (D:8)
  10 black mambas
  2 ice statues (IceCv)
  Maurice (D:8)
  12 cane toads
  3 elephants
  3 merfolk sirens (Lair:2)
  An orange demon (Lair:6)
  5 rime drakes
  10 komodo dragons
  3 torpor snails
  Psyche (D:8)
  7 ice devils
  A freezing wraith (IceCv)
  2 trolls
  A meliai (Spider:1)
  3 polar bears
  30 blink frogs
  9 tarantellas
  Prince Ribbit (D:8)
  A dream sheep (Lair:6)
  8 jumping spiders
  5 culicivoras
  A spriggan (Lair:5)
  3 wyverns
  A dire elephant simulacrum (IceCv)
  23 yaks
  2 hogs
  A shadow (D:6)
  A fire elemental (Lair:1)
  4 basilisks
  A death yak simulacrum (IceCv)
  2 steam dragons
  Menkaure (D:6)
  15 redbacks
  A warg (Orc:1)
  Edmund (D:6)
  21 water moccasins
  2 hell hounds (Lair:6)
  4 ice beasts
  33 orc warriors
  2 black bears (Lair:4)
  7 ogres
  2 necrophages (D:6)
  25 wolves
  2 centaurs
  3 lemures
  2 phantoms
  3 kobold brigands
  13 bullfrogs
  A wyvern zombie (D:8)
  2 water moccasin zombies
  2 scorpions
  3 elephant simulacra
  3 wights (D:7)
  5 electric eels
  3 howler monkeys
  2 hounds
  Crazy Yiuf (D:4)
  3 gnoll shamans
  13 orc priests
  4 iguanas
  Ijyb (D:3)
  16 orc wizards
  3 spriggan simulacra (IceCv)
  A hell rat (Lair:6)
  3 troll simulacra (IceCv)
  2 polar bear simulacra
  A killer bee zombie (D:6)
  2 wolf simulacra
  A centaur simulacrum (D:8)
  2 hound skeletons (D:4)
  24 gnolls
  2 howler monkey skeletons
  2 adders
  3 naga simulacra (IceCv)
  2 river rats (Sewer)
  16 white imps
  2 howler monkey simulacra (D:8)
  5 ufetubi
  An adder zombie (D:5)
  An adder skeleton (D:4)
  88 orcs
  2 bats
  8 endoplasms
  10 giant cockroaches
  7 goblins
  6 hobgoblins
  10 jackals
  18 kobolds
  10 quokkas
  8 ball pythons
  3 frilled lizards
  8 rats
665 creatures vanquished.

Vanquished Creatures (collateral kills)
  An orc warlord (Orc:2)
  A hydra (Lair:2)
  A sun demon (Lair:6)
  An orc knight (Orc:2)
  A merfolk siren (Lair:2)
  A cane toad (Lair:2)
  An orange demon (Lair:6)
  A hellwing (Lair:6)
  An entropy weaver simulacrum (IceCv)
  A demonic crawler (Spider:1)
  3 red devils (Lair:6)
  2 meliai (Spider:1)
  2 hell hounds (Lair:6)
  A water moccasin (Lair:2)
  2 centaurs (D:8)
  An orc priest (Orc:2)
  An orc (Orc:2)
22 creatures vanquished.

Vanquished Creatures (others)
  2 ufetubi (IceCv)
  An orc (D:8)
  A kobold (D:8)
  35 fungi
  53 plants
92 creatures vanquished.

Grand Total: 779 creatures vanquished

Notes
Turn   | Place    | Note
-------+----------+-------------------------------------------
     0 | D:1      | urbino23 the Minotaur Berserker began the quest for the
                  | Orb.
     0 | D:1      | Reached XP level 1. HP: 19/19 MP: 0/0
   362 | D:1      | Reached XP level 2. HP: 24/27 MP: 1/1
   646 | D:1      | Found a faded altar of an unknown god.
   966 | D:2      | Reached skill level 4 in Maces & Flails
   966 | D:2      | Reached XP level 3. HP: 16/33 MP: 2/2
  1455 | D:2      | Reached ** piety under Trog
  2012 | D:3      | Reached XP level 4. HP: 36/41 MP: 3/3
  2044 | D:3      | Noticed Ijyb
  2378 | D:3      | Killed Ijyb
  2685 | D:3      | Reached skill level 5 in Fighting
  2691 | D:3      | Reached skill level 5 in Maces & Flails
  3320 | D:3      | Reached XP level 5. HP: 48/48 MP: 4/4
  3548 | D:4      | Found a white marble altar of Elyvilon.
  3610 | D:4      | Noticed a centaur
  3613 | D:4      | Reached *** piety under Trog
  3627 | D:4      | Killed a centaur
  3631 | D:4      | Reached skill level 6 in Maces & Flails
  3631 | D:4      | Reached XP level 6. HP: 15/56 MP: 5/5
  4096 | D:4      | Reached skill level 5 in Armour
  4327 | D:4      | Noticed Pikel
  4556 | D:4      | Killed Pikel
  4557 | D:4      | Reached skill level 8 in Maces & Flails
  4557 | D:4      | Reached XP level 7. HP: 39/61 MP: 6/6
  5110 | D:4      | Reached XP level 8. HP: 51/68 MP: 7/7
  5206 | D:4      | Found a runed translucent door.
  5207 | D:4      | Noticed Crazy Yiuf
  5213 | D:4      | Killed Crazy Yiuf
  5292 | D:5      | Entered Level 5 of the Dungeon
  5383 | D:5      | Reached skill level 9 in Maces & Flails
  5468 | D:5      | Found a staircase to the Ecumenical Temple.
  5495 | D:5      | Found a glowing drain.
  5512 | Sewer    | Entered a sewer
  5662 | Sewer    | Reached skill level 1 in Slings
  5684 | Sewer    | Reached **** piety under Trog
  5715 | Sewer    | Found a white marble altar of Elyvilon.
  6168 | D:5      | Found a shimmering blue altar of Sif Muna.
  6255 | D:6      | Reached skill level 5 in Dodging
  6255 | D:6      | Reached skill level 1 in Evocations
  6415 | D:6      | Noticed Menkaure
  6454 | D:6      | Found a stormy altar of Qazlal.
  6488 | D:6      | Killed Menkaure
  6630 | D:6      | Reached XP level 9. HP: 49/74 MP: 8/8
  6728 | D:6      | Found a sparkling altar of Nemelex Xobeh.
  6840 | D:6      | Noticed Edmund
  6850 | D:6      | Killed Edmund
  7113 | D:6      | Found an iron altar of Okawaru.
  7187 | D:6      | Noticed a two-headed ogre
  7241 | D:6      | Reached skill level 5 in Slings
  7323 | D:6      | Killed a two-headed ogre
  7324 | D:6      | Reached skill level 5 in Evocations
  7341 | D:6      | Noticed a two-headed ogre
  7614 | D:6      | Killed a two-headed ogre
  7806 | D:6      | Found an opulent altar of Gozag.
  7984 | D:7      | Reached XP level 10. HP: 91/91 MP: 9/9
  8495 | D:7      | Reached skill level 10 in Fighting
  8500 | D:7      | Identified the +7 war axe of Sin {venom, rPois}
  9206 | D:8      | Noticed Joseph
  9517 | D:8      | Killed Joseph
  9518 | D:8      | Reached skill level 10 in Maces & Flails
  9823 | D:8      | Noticed Psyche
  9838 | D:8      | Killed Psyche
  9995 | D:8      | Noticed Maurice
 10017 | D:8      | Killed Maurice
 10190 | D:8      | Reached skill level 11 in Maces & Flails
 10382 | D:8      | Reached ***** piety under Trog
 10465 | D:8      | Noticed Prince Ribbit
 10517 | D:8      | Killed Prince Ribbit
 10518 | D:8      | Reached skill level 10 in Armour
 10670 | D:8      | Found a burning altar of Makhleb.
 11399 | D:8      | Found a blossoming altar of Fedhas.
 11739 | D:9      | Reached skill level 12 in Maces & Flails
 11739 | D:9      | Reached XP level 11. HP: 99/99 MP: 10/10
 11894 | D:9      | Found a hide-covered altar of Uskayaw.
 11926 | D:9      | Noticed a two-headed ogre
 11935 | D:9      | Killed a two-headed ogre
 11981 | D:9      | Found a staircase to the Orcish Mines.
 12012 | D:9      | Noticed a death knight
 12034 | D:9      | Killed a death knight
 12648 | D:9      | Found a snail-covered altar of Cheibriados.
 12982 | D:9      | Found the dreamshard necklace {*Dream Drain}
 12989 | D:9      | Reached skill level 13 in Maces & Flails
 13444 | D:10     | Entered Level 10 of the Dungeon
 13452 | D:10     | Found a staircase to the Lair.
 13539 | Lair:1   | Entered Level 1 of the Lair of Beasts
 14305 | Lair:1   | Reached skill level 14 in Maces & Flails
 14724 | Lair:2   | Noticed a catoblepas
 14744 | Lair:2   | Killed a catoblepas
 14752 | Lair:2   | Found a frozen archway.
 14762 | Lair:2   | Reached skill level 10 in Dodging
 14774 | Lair:2   | Reached XP level 12. HP: 62/106 MP: 11/11
 14819 | Lair:2   | HP: 4/106 [cane toad (6)]
 15278 | IceCv    | Entered an ice cave
 16474 | IceCv    | Noticed a reaper
 16486 | IceCv    | Killed a reaper
 17288 | Lair:2   | Noticed a four-headed hydra
 17382 | Lair:2   | Killed a four-headed hydra
 17641 | Lair:2   | Found a staircase to the Shoals.
 17780 | Lair:2   | Found a hole to the Spider Nest.
 18384 | Lair:3   | Noticed a boulder beetle
 18403 | Lair:3   | Killed a boulder beetle
 18413 | Lair:3   | Noticed a six-headed hydra
 18421 | Lair:3   | Killed a six-headed hydra
 18531 | Lair:3   | Reached XP level 13. HP: 109/118 MP: 12/12
 20703 | Lair:4   | Found a runed translucent gate.
 20703 | Lair:4   | Found a runed translucent gate.
 20703 | Lair:4   | Found a runed translucent gate.
 20704 | Lair:4   | Noticed Holdthepickle's ghost (journeyman GnWn)
 20730 | Lair:4   | Noticed a minotaur
 20956 | Lair:5   | Reached skill level 10 in Evocations
 21845 | Lair:4   | Reached skill level 10 in Slings
 21860 | Lair:4   | Reached XP level 14. HP: 49/129 MP: 13/13
 22304 | Lair:5   | Noticed Kirke
 22412 | Lair:5   | Killed Kirke
 22856 | Lair:5   | Found a viscous altar of Jiyva.
 22857 | Lair:5   | Found a staircase to the Slime Pits.
 23536 | Lair:6   | Entered Level 6 of the Lair of Beasts
 25755 | Lair:6   | Found a burning altar of Makhleb.
 26182 | Lair:6   | Found a gateway to Hell.
 26383 | Orc:1    | Entered Level 1 of the Orcish Mines
 26647 | Orc:2    | Entered Level 2 of the Orcish Mines
 26909 | Orc:2    | Found a staircase to the Elven Halls.
 27499 | Orc:2    | Reached XP level 15. HP: 29/138 MP: 14/14
 27502 | Orc:2    | Noticed an orc warlord
 27974 | Orc:2    | Killed an orc warlord
 28637 | Orc:2    | Paralysed by an orc sorcerer for 3 turns
 28704 | Orc:2    | Found Xelaet's Antique Armour Boutique.
 28705 | Orc:2    | Found Niss's Antique Weapon Shop.
 28707 | Orc:2    | Found Mulyqi's General Store.
 28707 | Orc:2    | Found Sigg's Book Boutique.
 29194 | Spider:1 | Entered Level 1 of the Spider Nest
 29243 | Lair:2   | Reached skill level 15 in Maces & Flails
 29971 | Spider:1 | Received a gift from Trog
 30021 | Spider:1 | HP: 10/207 [culicivora (2)]
 30023 | Spider:1 | HP: 3/207 [wolf spider (8)]
 30023 | Spider:1 | HP: 1/207 [wolf spider (2)]
 30024 | Spider:1 | Slain by a redback

Illustrated notes

Levels and vault maps discovered:
D:1:      tarquinn_simple_flora_water_a, layout_loops_ring,
          shapermc_ecumenical_altar_mp_ritualfount
D:2:      layout_basic
D:3:      layout_basic, uniq_ijyb
D:4:      minmay_inner_zag, layout_cave_pools, lemuel_crystal_altar,
          minmay_circle_x, uniq_crazy_yiuf_cottage, uniq_pikel
D:5:      layout_rooms, lemuel_blue_sif_altar, minmay_temple_entry_tees,
          gup_sewer_entry_pipe, corner_web_ring, minmay_misc_feat_tower
D:6:      layout_cave_pools, nicolae_gozag_cash_rules_everything_around_me,
          old_standard_altar, nicolae_qazlal_scattered_showers,
          okawaru_altar_gauntlet_db, kb_rosetta, uniq_menkaure, uniq_edmund
D:7:      layout_basic
D:8:      layout_gridville, lightli_temple_of_fire,
          fedhas_bush_and_centaur_altar, serial_ice, serial_ice_d, serial_ice_j,
          serial_ice_e, serial_ice_f, serial_ice_o, serial_ice_g, serial_ice_m,
          serial_ice_c, serial_ice_h, serial_ice_n, kennysheep_another_room,
          uniq_prince_ribbit1, uniq_joseph, uniq_psyche, uniq_maurice
D:9:      layout_loops_ring, nicolae_overflow_hidden_temple,
          mainiacjoe_overflow_paths, orc_0_dummy
D:10:     layout_basic, bloody_trog, tso_oasis_becter, david_lair_shrubbed,
          minmay_misc_feat_room, dk_noncrumbling_3, roderic_roman_lattice,
          dk_noncrumbling_2, uniq_nergalle
Lair:1:   layout_gridlike, st_stairs_12, infiniplex_staircase_pool
Lair:2:   layout_misc_corridors, elwin_shoals_entry_stream,
          nicolae_spider_entry_tight_spaces, portal_ice_cave_entry_ice_simulacra
Lair:3:   layout_cellular_growth, grunt_megastairs_1, lemuel_fruit_tree
Lair:4:   layout_layer_cave, maelrawn_ghost_gauntlet_escape,
          chequers_serial_rivers_small_a, nicolae_quartered_pool_little,
          nzn_sisyphean_effort, grunt_megastairs_5
Lair:5:   layout_regular_city, slime_altar_1, grunt_forest_large_clearing_hut,
          serial_bayou_shore_a, grunt_megastairs_3, uniq_kirke
Lair:6:   evil_forest, layout_misc_corridors, infiniplex_staircase_pool_2
Spider:1: layout_spider_delve, guppyfry_spider_mini_3
Orc:1:    layout_diamond_mine
Orc:2:    st_orc_congregation, layout_caves

Skill      XL: |  1  2  3  4  5  6  7  8  9 10 11 12 13 14 15 |
---------------+----------------------------------------------+-----
Fighting       | 4 5 9 10 12 13 14 | 14.0
Maces & Flails | 4 5 6 8 9 12 14 15 | 15.7
Armour         | 3 4 7 10 14 | 14.0
Dodging        | 3 5 10 11 13 14 | 14.0
Slings         | 4 5 6 10 | 10.0
Evocations     | 3 5 8 10 | 10.5

Action                   |  1- 3 |  4- 6 |  7- 9 | 10-12 | 13-15 || total
-------------------------+-------+-------+-------+-------+-------++-------
Melee: Mace              |    70 |       |       |       |       ||    70
       Headbutt          |    13 |    25 |    66 |   183 |   264 ||   551
       Flail             |    10 |   135 |   301 |   367 |       ||   813
       Punch             |       |     1 |     2 |     6 |       ||     9
       Dire flail        |       |       |       |   409 |  1060 ||  1469
       Unarmed           |       |       |       |     8 |    18 ||    26
 Fire: Hunting sling     |     4 |     7 |    17 |    32 |       ||    60
       Fustibalus        |       |       |       |    15 |   228 ||   243
Throw: Dart              |       |       |    16 |    11 |     4 ||    31
       Boomerang         |       |       |     3 |       |       ||     3
Invok: Berserk           |       |     3 |     4 |    10 |     5 ||    22
       Trog's Hand       |       |       |       |     4 |     8 ||    12
       Brothers in Arms  |       |       |       |     4 |     5 ||     9
Evoke: Wand              |       |       |       |    13 |    23 ||    36
  Use: Scroll            |       |       |     6 |     5 |    10 ||    21
       Potion            |       |       |       |     5 |     8 ||    13
 Stab: Petrified         |       |       |       |     4 |     3 ||     7
       Paralysed         |       |       |       |     3 |       ||     3
       Petrifying        |       |       |       |       |     3 ||     3
       Invisible         |       |       |       |       |     3 ||     3
       Distracted        |       |       |       |       |     1 ||     1
Armor: Animal skin       |     2 |       |       |       |       ||     2
       Ring mail         |     1 |       |       |       |       ||     1
       Chain mail        |    39 |    74 |   120 |    18 |    69 ||   320
       Plate armour      |       |       |       |   321 |   364 ||   685
       Skin              |       |       |       |     4 |    72 ||    76
Dodge: Dodged            |    31 |    56 |   117 |   317 |   615 ||  1136
